 Dungeon Crawl Stone Soup version 0.21.1-1-g345015fe64 (webtiles) character file.

10976 TxmiHxxCxx the Dealer of Despair (level 11, -10/81 HPs)
             Began as a Demonspawn Necromancer on Apr 22, 2018.
             Was an Elder of Kikubaaqudgha.
             Mangled by Jannitor's ghost (15 damage)
             ... on level 10 of the Dungeon.
             The game lasted 02:12:44 (10941 turns).

TxmiHxxCxx the Dealer of Despair (DsNe)            Turns: 10941, Time: 02:12:46

Health: -10/81     AC: 14    Str: 14    XL:     11   Next: 43%
Magic:  20/20      EV: 15    Int: 18    God:    Kikubaaqudgha [****..]
Gold:   428        SH:  0    Dex: 14    Spells: 5/22 levels left

rFire    x . .     SeeInvis .   a - +7 Screaming Sword
rCold    + . .     Gourm    .   (no shield)
rNeg     . . .     Faith    .   E - +0 leather armour
rPois    +         Spirit   .   (helmet unavailable)
rElec    .         Reflect  .   (no cloak)
rCorr    .         Harm     .   (no gloves)
MR       .....                  u - +1 pair of boots
Stlth    +++.......             (no amulet)
HPRegen  0.23/turn              i - ring of ice
MPRegen  0.17/turn              B - +4 ring of strength

@: sanguine armour
A: horns 3, mutation resistance 1, poison resistance, powered by death 1,
powered by pain 1, sanguine armour 2
a: Receive Corpses, Renounce Religion


You were on level 10 of the Dungeon.
You worshipped Kikubaaqudgha.
Kikubaaqudgha was greatly pleased with you.
You were not hungry.

You visited 1 branch of the dungeon, and saw 10 of its levels.

You collected 428 gold pieces.

Inventory:

Hand Weapons
 a - the +7 Screaming Sword (weapon)
   (You found it on level 4 of the Dungeon)
 b - a +2 shortbow
 q - the +10 short sword of Subjectivity {freeze, *Rage rElec rC+ MR+ Str+3}
   (You found it on level 5 of the Dungeon)

   It has been specially enchanted to freeze those struck by it, causing extra
   injury to most foes and up to half again as much damage against particularly
   susceptible opponents.
   It can also slow down cold-blooded creatures.
   It affects your strength (+3).
   It protects you from cold.
   It insulates you from electricity.
   It affects your resistance to hostile enchantments.
   It may make you go berserk in combat.
 w - a +1 hunting sling
Missiles
 d - 75 arrows
 k - 2 curare-tipped needles
 n - 8 needles of sleeping
 A - 43 sling bullets
Armour
 u - a +1 pair of boots (worn)
 E - a +0 leather armour (worn)
Jewellery
 i - a ring of ice (left hand)
 B - a +4 ring of strength (right hand)
Wands
 f - a wand of digging (23)
 r - a wand of acid (3)
 C - a wand of flame (29)
 H - a wand of paralysis (29)
Scrolls
 g - 3 scrolls of magic mapping
 h - a scroll of fear
 j - 4 scrolls of immolation
 m - 3 scrolls of amnesia
 o - a scroll of enchant armour
 y - 4 scrolls of remove curse
 z - 2 scrolls of identify
Potions
 e - a potion of might {unknown}
 t - a potion of mutation
 v - a potion of cancellation {unknown}
 x - a potion of curing
 D - a potion of experience
 G - a potion of heal wounds
Books
 l - Kikubaaqudgha's Guide on Black Rites
   (Kikubaaqudgha gifted it to you on level 9 of the Dungeon)

   Spells                             Type                      Level
   a - Animate Dead                   Necromancy                   4
   b - Excruciating Wounds            Charms/Necromancy            5
   c - Bolt of Draining               Conjuration/Necromancy       5
   d - Agony                          Necromancy                   5
   e - Dispel Undead                  Necromancy                   5
 p - a book of Necromancy

   Spells                             Type                      Level
   a - Pain                           Necromancy                   1
   b - Animate Skeleton               Necromancy                   1
   c - Vampiric Draining              Necromancy                   3
   d - Regeneration                   Charms/Necromancy            3
   e - Animate Dead                   Necromancy                   4
   f - Borgnjor's Vile Clutch         Necromancy/Earth             5
 s - Kikubaaqudgha's Guide on Black Magic
   (Kikubaaqudgha gifted it to you on level 4 of the Dungeon)

   Spells                             Type                      Level
   a - Pain                           Necromancy                   1
   b - Corpse Rot                     Necromancy                   2
   c - Sublimation of Blood           Necromancy                   2
   d - Vampiric Draining              Necromancy                   3
 I - a book of Power

   Spells                             Type                      Level
   a - Iskenderun's Battlesphere      Conjuration/Charms           5
   b - Venom Bolt                     Conjuration/Poison           5
   c - Bolt of Magma                  Conjuration/Fire/Earth       5
   d - Iron Shot                      Conjuration/Earth            6
   e - Orb of Destruction             Conjuration                  7
   f - Spellforged Servitor           Conjuration/Summoning        7
 J - a book of Flames

   Spells                             Type                      Level
   a - Flame Tongue                   Conjuration/Fire             1
   b - Throw Flame                    Conjuration/Fire             2
   c - Conjure Flame                  Conjuration/Fire             3
   d - Inner Flame                    Hexes/Fire                   3
   e - Sticky Flame                   Conjuration/Fire             4
   f - Fireball                       Conjuration/Fire             5
Comestibles
 c - 18 rations
 F - 4 chunks of flesh


   Skills:
 + Level 5.7 Fighting
 + Level 3.0(5.6) Short Blades
 + Level 7.3(7.7) Long Blades
   Level 0.5 Polearms
 + Level 3.1(3.7) Slings
 + Level 3.8 Bows
 + Level 2.7(3.4) Throwing
 + Level 3.7 Armour
 + Level 5.7 Dodging
 + Level 5.6 Stealth
   Level 0.5 Shields
 + Level 2.8 Unarmed Combat
 + Level 6.1 Spellcasting
 + Level 2.2 Charms
 + Level 9.1 Necromancy
 + Level 2.5 Evocations


You had 5 spell levels left.
You knew the following spells:

 Your Spells              Type           Power        Failure   Level  Hunger
a - Pain                  Necr           ####         1%          1    None
b - Animate Skeleton      Necr           N/A          1%          1    None
c - Vampiric Draining     Necr           #####.....   1%          3    ##.....
d - Regeneration          Chrm/Necr      ####......   4%          3    ##.....
e - Animate Dead          Necr           N/A          3%          4    ####...
f - Bolt of Draining      Conj/Necr      ###.......   52%         5    #####..


Dungeon Overview and Level Annotations

Branches:
Dungeon (10/15)            Temple (0/1) D:7
   Lair: D:8-11         Orc: D:9-12

Altars:
Kikubaaqudgha
Makhleb
Okawaru
Qazlal
Trog
Uskayaw
Vehumet
Yredelemnul

Shops:
D:4 (   D:5 :

Annotations:
D:10 Jannitor's ghost, journeyman TeCK


Innate Abilities, Weirdness & Mutations

You have a pair of large horns on your head.
You regenerate a little health from kills.
You sometimes gain a little power by taking damage.
When seriously injured, your bleeding wounds create thick armour. (AC +9)
You are somewhat resistant to further mutation.
Your system is resistant to poisons. (rPois)


Message History

Kikubaaqudgha accepts your kill.
Kikubaaqudgha is protecting you from unholy torment.
Reactivating autopickup.
You feel a bit more experienced.
The Screaming Sword imitates the bagpipes.
The hippogriff, the yak zombie and Jannitor's ghost are hurt by the noise.
You destroy the yak zombie!
Jannitor's ghost hits you but does no damage.
The hippogriff bites you.
* * * LOW HITPOINT WARNING * * *
The hippogriff barely misses you. The hippogriff claws you.
* * * LOW HITPOINT WARNING * * *
You slice the hippogriff!!
The hippogriff is almost dead.
Jannitor's ghost barely misses you. The hippogriff bites you.
* * * LOW HITPOINT WARNING * * *
The hippogriff misses you. The hippogriff barely misses you.
Jannitor's ghost hits you!
You die...
Kikubaaqudgha rasps: "You have failed me!
Welcome... death!"

## #.. #.# ##... #..#
#..# #..###..# #..#..#
#....# ####....####
#..####.W..(((...####
.$....H@#####.(.....###
......### ######....##
..... ####... .... ####
... # .. .


You could see a hippogriff and Jannitor's ghost.

Vanquished Creatures
  A hydra (D:8)
  A two-headed ogre (D:9)
  An unseen horror (D:10)
  A troll (D:9)
  3 hippogriffs
  2 dream sheep (D:8)
  13 yaks
  2 hungry ghosts (D:7)
  Menkaure (D:7)
  A water moccasin (D:9)
  3 sky beasts
  A black bear (D:9)
  An orc warrior (D:7)
  2 ice beasts
  A phantom (D:5)
  A centaur (D:5)
  A big kobold (D:8)
  5 bullfrogs
  2 scorpions (D:4)
  8 killer bees
  2 vampire bats (D:3)
  A howler monkey (D:8)
  6 electric eels (D:9)
  A crimson imp (D:6)
  2 bullfrog zombies
  A quasit (D:9)
  A centaur zombie (D:5)
  An orc priest (D:5)
  5 hounds
  3 jellies
  2 orc wizards
  3 bullfrog skeletons
  3 centaur skeletons
  An iguana (D:4)
  6 worker ants
  8 gnolls
  9 adders
  3 shadow imps
  An ooze (D:2)
  An adder zombie (D:5)
  A worm (D:3)
  3 dart slugs
  A leopard gecko (D:5)
  10 orcs
  15 bats
  3 bat skeletons (D:3)
  3 bat zombies (D:3)
  4 giant cockroaches
  13 goblins
  11 hobgoblins
  2 jackals (D:8)
  3 quokkas
  4 ball pythons
  8 frilled lizards
  2 jackal skeletons
  8 kobolds
  7 rats
209 creatures vanquished.

Vanquished Creatures (collateral kills)
  A water moccasin (D:9)
  An ice beast (D:9)
  2 big kobolds (D:8)
  A scorpion (D:4)
  A killer bee (D:9)
  A crimson imp (D:5)
  A hound (D:4)
  2 worker ants
  An adder zombie (D:4)
  An orc (D:4)
  2 bats
  A bat zombie (D:3)
  A frilled lizard (D:3)
  A fungus (D:4)
  4 plants
21 creatures vanquished.

Vanquished Creatures (others)
  A fungus (D:4)
  23 plants (D:9)
24 creatures vanquished.

Grand Total: 254 creatures vanquished

Notes
Turn   | Place    | Note
-------+----------+-------------------------------------------
     0 | D:1      | TxmiHxxCxx the Demonspawn Necromancer began the quest for the Orb.
     0 | D:1      | Reached XP level 1. HP: 13/13 MP: 3/3
   161 | D:1      | Learned a level 1 spell: Animate Skeleton
   200 | D:1      | Gained mutation: When seriously injured, your bleeding wounds create armour. (AC +9) [demonic ancestry]
   200 | D:1      | Reached XP level 2. HP: 13/19 MP: 0/5
   928 | D:1      | Reached skill level 5 in Necromancy
   928 | D:1      | Gained mutation: You have a pair of small horns on your head. [demonic ancestry]
   928 | D:1      | Reached XP level 3. HP: 22/24 MP: 4/6
  2174 | D:2      | Gained mutation: You sometimes gain a little power by taking damage. [demonic ancestry]
  2174 | D:2      | Reached XP level 4. HP: 30/30 MP: 6/8
  2847 | D:3      | Learned a level 1 spell: Animate Skeleton
  3102 | D:3      | Reached skill level 6 in Necromancy
  3102 | D:3      | Gained mutation: You have a pair of horns on your head. [demonic ancestry]
  3102 | D:3      | Reached XP level 5. HP: 20/35 MP: 8/10
  3326 | D:3      | Found an ancient bone altar of Kikubaaqudgha.
  3355 | D:3      | Became a worshipper of Kikubaaqudgha
  3697 | D:3      | Reached XP level 6. HP: 19/42 MP: 6/11
  4264 | D:4      | Found a bloodstained altar of Trog.
  4304 | D:4      | Found Vool Wua's Antique Weapon Shop.
  4338 | D:4      | Reached skill level 1 in Throwing
  4380 | D:4      | Learned a level 3 spell: Vampiric Draining
  4384 | D:4      | Learned a level 3 spell: Regeneration
  4389 | D:4      | Learned a level 4 spell: Animate Dead
  4458 | D:4      | Reached skill level 1 in Fighting
  4461 | D:4      | Found a radiant altar of Vehumet.
  4637 | D:4      | Found a stormy altar of Qazlal.
  4790 | D:4      | Found an iron altar of Okawaru.
  5210 | D:4      | Reached skill level 7 in Necromancy
  5371 | D:4      | Gained mutation: You regenerate a little health from kills. [demonic ancestry]
  5371 | D:4      | Reached XP level 7. HP: 39/48 MP: 8/13
  5420 | D:4      | Reached * piety under Kikubaaqudgha
  5420 | D:4      | Identified Kikubaaqudgha's Guide on Black Magic (Kikubaaqudgha gifted it to you on level 4 of the Dungeon)
  5420 | D:4      | Received a gift from Kikubaaqudgha
  5540 | D:4      | Found the +7 Singing Sword
  5732 | D:5      | Entered Level 5 of the Dungeon
  5748 | D:5      | Found a basalt altar of Yredelemnul.
  5823 | D:5      | Reached skill level 1 in Long Blades
  5880 | D:5      | Reached skill level 1 in Slings
  5885 | D:5      | Gained mutation: When seriously injured, your bleeding wounds create thick armour. (AC +9) [demonic ancestry]
  5885 | D:5      | Reached XP level 8. HP: 34/56 MP: 12/14
  6016 | D:5      | Got a faintly glowing short sword
  6028 | D:5      | Identified the +10 short sword of Subjectivity {freeze, *Rage rElec rC+ MR+ Str+3} (You found it on level 5 of the Dungeon)
  6212 | D:5      | Found Gonkello's Book Shoppe.
  6547 | D:6      | Reached ** piety under Kikubaaqudgha
  6549 | D:6      | Got a pitted mace
  6550 | D:6      | Identified the +0 mace of Adoplym {freeze, +Blink rElec rN+ Dex-5} (You found it on level 6 of the Dungeon)
  6877 | D:6      | Reached skill level 1 in Bows
  7035 | D:6      | Found a burning altar of Makhleb.
  7035 | D:6      | Noticed a green death
  7185 | D:7      | Noticed Menkaure
  7190 | D:7      | Killed Menkaure
  7277 | D:7      | Reached skill level 1 in Armour
  7293 | D:7      | Noticed a hippogriff
  7303 | D:7      | Killed a hippogriff
  7469 | D:7      | Reached skill level 8 in Necromancy
  7469 | D:7      | Reached XP level 9. HP: 64/64 MP: 15/15
  8002 | D:7      | Reached skill level 5 in Long Blades
  8028 | D:7      | Found a staircase to the Ecumenical Temple.
  8336 | D:8      | Reached skill level 5 in Stealth
  8336 | D:8      | Reached skill level 5 in Spellcasting
  8336 | D:8      | Gained mutation: You have a pair of large horns on your head. [demonic ancestry]
  8336 | D:8      | Reached XP level 10. HP: 73/73 MP: 15/17
  8337 | D:8      | Gained mutation: Your system is resistant to poisons. (rPois) [potion of mutation]
  8337 | D:8      | Gained mutation: You are somewhat resistant to further mutation. [potion of mutation]
  8430 | D:8      | Found a hide-covered altar of Uskayaw.
  8433 | D:8      | Noticed a hand axe
  8434 | D:8      | Noticed an enchanted dagger
  8860 | D:8      | Noticed a two-headed hydra
  8864 | D:8      | Killed a three-headed hydra
  9105 | D:9      | Reached *** piety under Kikubaaqudgha
  9105 | D:9      | Identified Kikubaaqudgha's Guide on Black Rites (Kikubaaqudgha gifted it to you on level 9 of the Dungeon)
  9105 | D:9      | Received a gift from Kikubaaqudgha
  9105 | D:9      | Reached skill level 5 in Dodging
  9130 | D:9      | Learned a level 5 spell: Bolt of Draining
  9635 | D:9      | Reached XP level 11. HP: 65/78 MP: 19/19
  9644 | D:9      | Reached skill level 5 in Fighting
  9821 | D:9      | Noticed a two-headed ogre
  9834 | D:9      | Killed a two-headed ogre
 10462 | D:9      | Reached skill level 9 in Necromancy
 10694 | D:10     | Entered Level 10 of the Dungeon
 10921 | D:10     | Noticed Jannitor's ghost (journeyman TeCK)
 10940 | D:10     | Killed an unseen horror
 10940 | D:10     | Reached **** piety under Kikubaaqudgha
 10941 | D:10     | Mangled by Jannitor's ghost

Skill      XL: |  1  2  3  4  5  6  7  8  9 10 11 |
---------------+----------------------------------+-----
Stealth        | 2 3 5 |  5.6
Necromancy     | 5 6 7 8 9 |  9.1
Spellcasting   | 3 4 5 6 |  6.1
Dodging        | 2 3 4 5 |  5.7
Throwing       | 1 2 |  2.7
Fighting       | 1 2 3 4 5 |  5.7
Long Blades    | 2 4 5 6 7 |  7.3
Slings         | 1 3 |  3.1
Bows           | 1 3 |  3.8
Armour         | 1 3 |  3.7
Short Blades   | 2 3 |  3.0
Unarmed Combat | 2 |  2.8
Charms         | 2 |  2.2
Evocations     | 2 |  2.5
Polearms       | |  0.5
Shields        | |  0.5

Action                   |  1- 3 |  4- 6 |  7- 9 | 10-12 || total
-------------------------+-------+-------+-------+-------++-------
Melee: Club              |    11 |       |       |       ||    11
       Dagger            |    18 |   160 |       |       ||   178
       Unarmed           |     3 |       |       |       ||     3
       Headbutt          |     3 |    27 |    32 |    25 ||    87
       Spear             |       |     7 |    27 |       ||    34
       Double sword      |       |       |    97 |   104 ||   201
       Short sword       |       |       |    15 |    34 ||    49
 Fire: Hunting sling     |       |     1 |    34 |       ||    35
       Shortbow          |       |       |    18 |    22 ||    40
Throw: Stone             |    60 |    56 |     4 |       ||   120
       Throwing net      |       |       |     1 |       ||     1
 Cast: Pain              |    77 |   101 |     6 |     4 ||   188
       Animate Skeleton  |     7 |     4 |     1 |     5 ||    17
       Vampiric Draining |       |     5 |     4 |       ||     9
       Animate Dead      |       |     4 |     6 |     9 ||    19
       Regeneration      |       |       |     1 |     1 ||     2
Evoke: Wand              |       |       |       |    17 ||    17
  Use: Scroll            |     3 |     5 |     9 |     4 ||    21
       Potion            |       |     2 |     5 |    10 ||    17
 Stab: Sleeping          |     1 |       |     1 |     1 ||     3
       Distracted        |       |       |       |     1 ||     1
  Eat: Chunk             |     5 |     9 |     7 |     4 ||    25
       Ration            |       |     1 |     2 |     2 ||     5
Armor: Robe              |    12 |   129 |    37 |       ||   178
       Leather armour    |       |       |    24 |    53 ||    77
Dodge: Dodged            |    55 |   209 |   101 |   148 ||   513
Block: Shield            |       |       |    18 |       ||    18
       Rpst.: Double sword |       |       |    13 |    34 ||    47
